AoeStats
← CitrusHat2671

Arabia

508597244Analyzed
1v1 RM · 10d ago on Sep 23, 2026· 21m 17s· 2 players
Game mode
Random Map
Map size
Tiny (2 player)
Population
200
Speed
Normal
Resources
Standard
Victory
Conquest
Starting age
Dark Age
Ending age
Imperial Age
RankedLock teamsTeams togetherTeam positionsShared explorationLock speedFull tech treeHidden civsTurbo modeCheats
Victory
Defeat
🇫🇷 Spanish · France
938
+17
🇦🇷 Aztecs · Argentina
957
-49
Zagnaros
5:13 Loom
9:28 Feudal Age
9:59 Double-Bit Axe
12:28 Horse Collar
12:58 Stone Mining
20:11 Castle Age
CitrusHat2671
11:51 Feudal Age
11:10 Loom
14:04 Horse Collar
16:28 Wheelbarrow
17:43 Double-Bit Axe
Connection lost

Rejoining the realm…

Still unreachable

The connection could not be restored.

Session expired

The server has moved on; the page needs a fresh start.